[Event "January 9 Early 2024"]
[Site "https://www.chess.com"]
[Date "2024.01.11"]
[Round "6"]
[White "Leschinsky, Gary"]
[Black "Antunez Soler, Luis"]
[Result "0-1"]
[Board "269"]
[TimeControl "180+1"]
[WhiteFideId "30951321"]
[BlackFideId "3513335"]
[WhiteElo "2420"]
[BlackElo "2594"]
[WhiteTeam "USA"]
[BlackTeam "CUB"]
[WhiteClock "0:00:01"]
[BlackClock "0:00:04"]

1. d4 d5 2. c4 c6 3. Nf3 Nf6 4. Nc3 dxc4 5. a4 Bf5 6. e3 e6 7. Bxc4 Bb4 8. O-O Nbd7 9. Qe2 Bg6 10. Nh4 Bh5 11. f3 Nd5 12. g4 Qxh4 13. gxh5 Qxh5 14. Bd2 O-O 15. Nxd5 Bxd2 16. Nf4 Qg5+ 17. Kh1 Bb4 18. Rg1 Qh6 19. Rg4 Nf6 20. Rg2 Nd5 21. Rag1 g6 22. Bxd5 cxd5 23. Nd3 Bd6 24. f4 Kh8 25. Nc5 Bxc5 26. dxc5 Rac8 27. b4 Qg7 28. Qf3 Qc3 29. Qh3 Qxb4 30. Qh6 Qe4 31. h4 Qf5 32. Kh2 Rg8 33. Rg5 Qf6 34. h5 Qg7 35. Qxg7+ Rxg7 36. hxg6 hxg6 37. e4 dxe4 38. Re5 Kg8 39. Rb1 Rc7 40. Rxe4 Rh7+ 41. Kg3 Rh5 42. Reb4 Rhxc5 43. Rxb7 Rxb7 44. Rxb7 Ra5 45. Rb4 Kf8 46. Kg4 Kg7 47. Rc4 Kf6 48. Rb4 Ke7 49. Rb7+ Kf6 50. Rb4 e5 51. fxe5+ Kxe5 52. Kg5 Ke6+ 53. Kg4 f6 54. Rc4 Kd5 55. Rb4 Ke5 56. Rc4 Rd5 57. Kf3 Rd3+ 58. Ke2 Rd4 59. Rc5+ Kf4 60. Ra5 Rd7 61. Ra6 f5 62. Rxg6 Rb7 63. Ra6 Ke4 64. Re6+ Kf4 65. Ra6 Rb2+ 66. Kd3 Rb7 67. Re6 Kf3 68. Rf6 f4 69. Rf8 Re7 70. Kc3 Ke3 71. Kc2 f3 72. Kd1 Kf2 73. Kd2 Re2+ 74. Kd1 Re7 75. Rd8 Kf1 76. Rf8 f2 77. Kd2 Rg7 78. Ke3 Ke1 79. Rxf2 Re7+ 0-1

[Event "January 9 Early 2024"]
[Site "https://www.chess.com"]
[Date "2024.01.11"]
[Round "6"]
[White "Wafa, Hamed"]
[Black "Pinheiro, Iung Alicio de O."]
[Result "1-0"]
[Board "270"]
[TimeControl "180+1"]
[WhiteFideId "10628452"]
[BlackFideId "2104350"]
[WhiteElo "2821"]
[BlackElo "2593"]
[WhiteTeam "EGY"]
[BlackTeam "BRA"]
[WhiteClock "0:00:07"]
[BlackClock "0:00:27"]

1. e4 d6 2. d4 Nf6 3. Nc3 e5 4. dxe5 dxe5 5. Qxd8+ Kxd8 6. Nf3 Bd6 7. Bc4 Be6 8. Bxe6 fxe6 9. Be3 a6 10. h3 Nbd7 11. Ke2 Ke7 12. Rhd1 b5 13. a4 c6 14. Bg5 h6 15. Bh4 g5 16. Bg3 Nh5 17. Rd2 Nxg3+ 18. fxg3 Bb4 19. Rad1 Ra7 20. Rd3 Rg8 21. Na2 Bc5 22. a5 Rc7 23. Rc3 Bd6 24. Rcd3 Bc5 25. b4 Ba7 26. c4 c5 27. cxb5 axb5 28. Nc3 cxb4 29. Nxb5 Rb7 30. Nd6 Rc7 31. Nb5 Rb7 32. a6 Rgb8 33. axb7 Rxb7 34. Nd6 Rc7 35. Nc8+ Kd8 36. Rxd7+ Rxd7 37. Rxd7+ Kxd7 38. Nxa7 b3 39. Kd2 b2 40. Kc2 Kc7 41. Nb5+ Kb6 42. Nc3 Kc5 43. Kxb2 Kc4 44. Kc2 Kc5 45. Kd3 Kb4 46. Nxe5 Kc5 47. Nf7 h5 48. Nxg5 h4 49. gxh4 Kd6 50. h5 Ke5 51. h6 Kf6 52. h7 Kg7 53. Nb5 e5 54. Kc4 Kh8 55. Kd5 Kg7 56. Kxe5 Kh8 57. Kf4 Kg7 58. Kg4 Kh8 59. Kh5 Kg7 60. h8=Q+ Kxh8 61. Kg6 Kg8 62. h4 Kf8 63. h5 Kg8 64. h6 Kh8 65. Nc7 Kg8 66. h7+ Kf8 67. h8=Q+ Ke7 68. Qg7+ Kd6 69. Nd5 Kc5 70. Qc7+ Kb5 71. Qb6+ Kc4 72. Qb4+ Kd3 73. Qc3+ Ke2 74. Qe3+ Kd1 75. Qf2 Kc1 76. Nf3 Kb1 77. Nd4 Kc1 78. Qc2# 1-0

[Event "January 9 Early 2024"]
[Site "https://www.chess.com"]
[Date "2024.01.11"]
[Round "6"]
[White "Ashraf, Artin"]
[Black "Skvortsov, Andrei"]
[Result "1/2-1/2"]
[Board "271"]
[TimeControl "180+1"]
[WhiteFideId "22514805"]
[BlackFideId "24108600"]
[WhiteElo "2904"]
[BlackElo "2680"]
[WhiteTeam "IRI"]
[BlackTeam "MNE"]
[WhiteClock "0:00:08"]
[BlackClock "0:00:17"]

1. e4 c5 2. Nf3 d6 3. d4 cxd4 4. Nxd4 Nf6 5. Nc3 g6 6. Be3 Bg7 7. Be2 O-O 8. O-O d5 9. exd5 Nxd5 10. Nxd5 Qxd5 11. c3 Nc6 12. Qb3 Qd7 13. Rad1 Nxd4 14. Bxd4 Qc7 15. Bxg7 Kxg7 16. Bf3 Rb8 17. Qb4 b6 18. Rfe1 e5 19. Bd5 a5 20. Qh4 f6 21. g4 h6 22. Qg3 Bb7 23. h4 Rbd8 24. Bxb7 Qxb7 25. g5 hxg5 26. hxg5 Rxd1 27. Rxd1 Qe7 28. Re1 Re8 29. gxf6+ Qxf6 30. Re4 Qf5 31. f3 Re6 32. Kg2 Kf6 33. Qh4+ Qg5+ 34. Qxg5+ Kxg5 35. Kf2 Kf5 36. Ke3 Rd6 37. Rc4 g5 38. Rc7 Rh6 39. Rf7+ Ke6 40. Rf8 Rh2 41. b3 Rxa2 42. Rb8 Kf5 43. Rxb6 Rc2 44. Rc6 Rb2 45. Rb6 Rc2 46. c4 a4 47. bxa4 Rxc4 48. a5 Ra4 49. a6 Ra3+ 50. Kf2 g4 51. fxg4+ Kxg4 52. Ke2 Kf4 53. Kd2 e4 54. Kc2 e3 55. Kd1 Ra2 56. Ke1 Ke4 57. Rb4+ Kd3 58. Rb3+ Kd4 59. Rb6 Ra5 60. Rd6+ Ke5 61. Rb6 Ke4 62. Ke2 Ra2+ 63. Ke1 Kd4 64. Rd6+ Kc5 65. Re6 Kd4 66. Rb6 Ke4 67. Re6+ Kd5 68. Rb6 Kc5 69. Re6 Ra3 70. Ke2 Kb5 71. Re5+ Kxa6 72. Rxe3 Ra2+ 73. Kf3 Ra5 74. Re2 Rb5 75. Ke3 Rb6 76. Kf2 Kb5 77. Re3 Kc5 78. Kf3 Rb4 79. Re4 Rxe4 80. Kxe4 1/2-1/2

[Event "January 9 Early 2024"]
[Site "https://www.chess.com"]
[Date "2024.01.11"]
[Round "6"]
[White "Nikulina, Alena"]
[Black "Reprintsev, Alexander"]
[Result "1/2-1/2"]
[Board "272"]
[TimeControl "180+1"]
[WhiteFideId "4172051"]
[BlackFideId "14100541"]
[WhiteElo "2129"]
[BlackElo "2448"]
[WhiteTeam "RUS"]
[BlackTeam "UKR"]
[WhiteClock "0:00:10"]
[BlackClock "0:00:32"]

1. e4 d5 2. exd5 Qxd5 3. Nc3 Qa5 4. d4 Nf6 5. Nf3 Nc6 6. a3 Ne4 7. Qd3 Nxc3 8. Qxc3 Qxc3+ 9. bxc3 Bf5 10. Bd3 Bxd3 11. cxd3 O-O-O 12. Bf4 f6 13. Ke2 g5 14. Bg3 h5 15. h4 g4 16. Nd2 e5 17. dxe5 fxe5 18. Ne4 Bh6 19. Rab1 b6 20. Rb5 Bf4 21. a4 a6 22. Rb2 Ne7 23. Rd1 Rd5 24. Nf6 Rhd8 25. Nxd5 Nxd5 26. Rb3 a5 27. d4 Re8 28. Kd3 e4+ 29. Ke2 e3 30. c4 exf2+ 31. Kxf2 Be3+ 32. Kf1 Nb4 33. c5 Kb7 34. cxb6 cxb6 35. Re1 Rf8+ 36. Ke2 Bf4 37. Bxf4 Rxf4 38. g3 Rxd4 39. Rc1 Na6 40. Rcb1 Rd6 41. Ke3 Nc5 42. Ra3 Kc6 43. Kf4 Rd5 44. Ra2 Rd3 45. Kg5 Rd5+ 46. Kg6 Ne4 47. Rab2 Rd6+ 48. Kxh5 Kc7 49. Kxg4 Rd4 50. Kh3 Rxa4 51. Rb3 Nf2+ 52. Kg2 Ne4 53. Rxb6 Nc5 54. Rg6 Rc4 55. Kh3 a4 56. h5 a3 57. Rg7+ Kd6 58. Ra7 Rc3 59. Kh4 Ne4 60. g4 Rc2 61. g5 a2 62. Ra1 Nc3 63. g6 Rg2 64. g7 Ke6 65. Ra6+ Kf7 66. Ra7+ Kg8 67. h6 Kh7 68. Kh5 Ne4 69. Kh4 Nc3 70. Kh3 Rg6 71. g8=Q+ Kxg8 72. Ra8+ Kh7 73. Ra7+ Kxh6 74. R7xa2 Nxa2 75. Rxa2 Rf6 76. Kg4 Rg6+ 77. Kh4 Rf6 78. Ra5 Rg6 79. Rb5 Rf6 80. Rc5 Rg6 81. Rh5+ Kg7 82. Rg5 Rxg5 83. Kxg5 1/2-1/2

[Event "January 9 Early 2024"]
[Site "https://www.chess.com"]
[Date "2024.01.11"]
[Round "6"]
[White "Yuan, Qingyu"]
[Black "Srdanovic, Jovana"]
[Result "0-1"]
[Board "273"]
[TimeControl "180+1"]
[WhiteFideId "8609772"]
[BlackFideId "954810"]
[WhiteElo "2746"]
[BlackElo "2565"]
[WhiteTeam "CHN"]
[BlackTeam "SRB"]
[WhiteClock "0:00:06"]
[BlackClock "0:00:10"]

1. Nf3 d5 2. g3 Nc6 3. d4 Bf5 4. Bg2 Nb4 5. Na3 e6 6. c3 Na6 7. Nc2 Be7 8. O-O Nf6 9. Ne3 Be4 10. Qb3 Rb8 11. Rd1 O-O 12. c4 c6 13. a3 Nc7 14. Bd2 h6 15. Bc3 dxc4 16. Qxc4 Nfd5 17. Bd2 Nxe3 18. Bxe3 Nd5 19. Bd2 Qb6 20. b4 Rbd8 21. e3 Nf6 22. Rac1 Bd5 23. Qc2 Ne4 24. Ne5 Nxd2 25. Rxd2 Bxg2 26. Kxg2 Bf6 27. Nd3 a5 28. Rb1 axb4 29. Rxb4 Qa7 30. Qb3 b5 31. Rc2 Be7 32. Ne5 Bxb4 33. axb4 Ra8 34. Qc3 Qa3 35. Qd2 Ra4 36. Nxc6 Qb3 37. e4 Ra3 38. Qe2 Rfa8 39. Rc5 Ra2 40. Qg4 Qe3 41. Qf4 Qxf4 42. gxf4 Re2 43. Kf3 Raa2 44. Rxb5 Rxf2+ 45. Ke3 Rxh2 46. d5 exd5 47. exd5 h5 48. Nd4 Rh3+ 49. Ke4 Ra6 50. Rb8+ Kh7 51. b5 Rf6 52. b6 Rh1 53. Nc6 Rb1 54. b7 h4 55. Ne5 h3 56. Nf3 Rb4+ 57. Ke5 Rh6 58. Ng5+ Kg6 59. Re8 h2 60. b8=Q Rxb8 61. Rxb8 h1=Q 62. Rb6+ f6+ 63. Ke6 fxg5 64. Kd7+ Kh7 65. d6 gxf4 66. Kc7 Qd5 67. Rc6 Rxd6 68. Rxd6 Qxd6+ 69. Kxd6 f3 70. Ke5 f2 71. Kf4 f1=Q+ 72. Kg3 Qf6 73. Kg4 Kg6 74. Kh3 Qd4 75. Kg3 Kg5 76. Kg2 Qe3 77. Kh2 Kg4 78. Kg2 Qe2+ 79. Kh1 Kg3 0-1

[Event "January 9 Early 2024"]
[Site "https://www.chess.com"]
[Date "2024.01.11"]
[Round "6"]
[White "Ambartsumova, Karina"]
[Black "Teimouri Yadkuri, Shahdad"]
[Result "1/2-1/2"]
[Board "274"]
[TimeControl "180+1"]
[WhiteFideId "4166299"]
[BlackFideId "42515467"]
[WhiteElo "2595"]
[BlackElo "2431"]
[WhiteTeam "RUS"]
[BlackTeam "IRI"]
[WhiteClock "0:00:04"]
[BlackClock "0:00:06"]

1. d4 Nf6 2. c4 e6 3. Nc3 Bb4 4. Qc2 O-O 5. a3 Bxc3+ 6. Qxc3 d5 7. Bg5 dxc4 8. Qxc4 b6 9. Nf3 Ba6 10. Qc2 Nbd7 11. Ne5 h6 12. Nc6 Qe8 13. Bd2 Bb7 14. Bb4 Nc5 15. Ne5 Be4 16. Qd1 a5 17. Bc3 Na4 18. f3 Bb7 19. e4 c5 20. Qb3 Nxc3 21. bxc3 cxd4 22. cxd4 Rb8 23. Bb5 Qe7 24. O-O Rfd8 25. Rfd1 Rbc8 26. a4 Qc7 27. Nc4 Ne8 28. Rd2 Nd6 29. Nxd6 Rxd6 30. Rad1 Qc3 31. Qb1 Qe3+ 32. Kh1 g5 33. Re2 Qc3 34. Red2 Kg7 35. h3 Qe3 36. Re2 Qf4 37. Qd3 h5 38. Red2 g4 39. fxg4 hxg4 40. Rf1 Qxe4 41. Qxe4 Bxe4 42. hxg4 Rc3 43. Kg1 Rg3 44. Rc1 Rxg4 45. Rc7 e5 46. Be8 Rxd4 47. Rxf7+ Kg8 48. Rdf2 Bd5 49. Rf8+ Kg7 50. Bb5 Rdf4 51. R8xf4 exf4 52. Rd2 Be4 53. Kh2 Kf6 54. Bf1 Rh4+ 55. Kg1 Ke5 56. Rb2 Rh6 57. Kf2 Bd5 58. Rb5 Rc6 59. Be2 Kd6 60. Rb2 Kc7 61. Bb5 Rc3 62. Rd2 Bc6 63. Bxc6 Rxc6 64. Rd4 Rf6 65. Kf3 Kc6 66. Rd1 b5 67. Rc1+ Kb6 68. axb5 Kxb5 69. Rb1+ Ka6 70. Ra1 Kb5 71. Rb1+ Kc4 72. Rc1+ Kd3 73. Ra1 Rf5 74. Kg4 Rb5 75. Kxf4 Kc2 76. g4 Kb2 77. Rh1 a4 78. g5 a3 79. g6 Rb7 80. Kf5 a2 81. Kf6 Ka3 82. g7 Rb1 83. Rxb1 axb1=Q 84. g8=Q Qf1+ 85. Kg7 Qf2 86. Qf7 Qg3+ 87. Kf8 Qe3 88. Qe7+ Qxe7+ 89. Kxe7 1/2-1/2

[Event "January 9 Early 2024"]
[Site "https://www.chess.com"]
[Date "2024.01.11"]
[Round "6"]
[White "Rohith Krishna S"]
[Black "Keymer, Vincent"]
[Result "1/2-1/2"]
[Board "275"]
[TimeControl "180+1"]
[WhiteFideId "46617051"]
[BlackFideId "12940690"]
[WhiteElo "2838"]
[BlackElo "3021"]
[WhiteTeam "IND"]
[BlackTeam "GER"]
[WhiteClock "0:00:11"]
[BlackClock "0:00:06"]

1. d4 Nf6 2. c4 e6 3. Nc3 Bb4 4. Bd2 O-O 5. e3 b6 6. Bd3 Bb7 7. Nf3 d6 8. O-O e5 9. Bc2 Nbd7 10. a3 Bxc3 11. Bxc3 e4 12. Nd2 d5 13. b4 Re8 14. b5 Rc8 15. Bb3 Nf8 16. a4 Ng6 17. a5 dxc4 18. Nxc4 Bd5 19. Ne5 Bxb3 20. Qxb3 Qd5 21. Qb2 h6 22. Rfc1 Nd7 23. Nxg6 fxg6 24. axb6 axb6 25. Ra7 Nf6 26. Be1 Qf7 27. Rc6 Re6 28. Qc2 Nd5 29. h3 g5 30. Qc4 Rd8 31. Bd2 Rxc6 32. Qxc6 Rd6 33. Qa8+ Kh7 34. Qc8 Qd7 35. Qxd7 Rxd7 36. Kf1 Kg6 37. Ke2 Kf5 38. Kd1 Ke6 39. Ke2 Nf6 40. Ra8 Rd5 41. Rc8 Kd7 42. Rf8 Ke7 43. Bb4+ Ke6 44. Rc8 Rxb5 45. Bf8 Kd7 46. Ra8 Ne8 47. f3 Rb2+ 48. Kf1 exf3 49. gxf3 Rh2 50. e4 Rxh3 51. Kg2 g4 52. fxg4 Re3 53. e5 Re4 54. Kf3 Rxd4 55. e6+ Kxe6 56. Rxe8+ Kf7 57. Rc8 Rc4 58. Bd6 c6 59. Be5 g6 60. Rc7+ Ke6 61. Bg7 h5 62. g5 Kf5 63. Bf6 b5 64. Re7 Rf4+ 65. Kg3 Re4 66. Rc7 Re3+ 67. Kf2 Re6 68. Rc8 Kg4 69. Rg8 Kf5 70. Kf3 Rd6 71. Re8 Rd5 72. Rc8 Rd3+ 73. Ke2 Rd6 74. Kf3 b4 75. Rb8 c5 76. Rb5 Rd5 77. Be7 h4 78. Bxc5 b3 79. Kg2 b2 80. Kh3 Kxg5 81. Be7+ Kf4 82. Rxb2 g5 83. Rb4+ Kf3 84. Bxg5 Rxg5 85. Kxh4 Rg1 86. Rb3+ Kf4 87. Rb4+ Kf5 88. Rb5+ Kf4 89. Rb4+ Kf5 90. Rb5+ Kf4 91. Rb4+ 1/2-1/2

[Event "January 9 Early 2024"]
[Site "https://www.chess.com"]
[Date "2024.01.11"]
[Round "6"]
[White "Bharath Subramaniyam H"]
[Black "Starozhilov, Leonid"]
[Result "1/2-1/2"]
[Board "276"]
[TimeControl "180+1"]
[WhiteFideId "46634827"]
[BlackFideId "14106752"]
[WhiteElo "2954"]
[BlackElo "2779"]
[WhiteTeam "IND"]
[BlackTeam "UKR"]
[WhiteClock "0:00:12"]
[BlackClock "0:00:14"]

1. b3 d5 2. Bb2 Bf5 3. d3 h6 4. Nd2 e6 5. e4 Bh7 6. g3 Nf6 7. Bg2 c6 8. Qe2 a5 9. a3 Nbd7 10. Ngf3 Bc5 11. e5 Ng8 12. d4 Ba7 13. c4 Ne7 14. O-O O-O 15. h4 a4 16. b4 dxc4 17. Nxc4 Nd5 18. Nfd2 Bb8 19. Ne4 N7b6 20. Ncd6 Bxd6 21. Nxd6 Qd7 22. f4 Nc8 23. Ne4 Bxe4 24. Bxe4 f5 25. Bc2 b5 26. Qd3 Ncb6 27. Rf2 h5 28. Re1 g6 29. Bc1 Rac8 30. Rh2 Kg7 31. Kf2 Rh8 32. Rg1 Kf7 33. Rgh1 Rcg8 34. Bd1 Ke7 35. Bf3 Kd8 36. Bb2 Ke7 37. Rc1 Rc8 38. Rc2 Rc7 39. Rh1 Rhc8 40. Rhc1 Kf7 41. Rc5 Qe8 42. Qc2 Qd7 43. Be2 Kg7 44. Qd1 Kh6 45. R1c2 Kg7 46. Qc1 Kf7 47. Bc3 Kg7 48. Bd2 Kf7 49. Bd3 Kg7 50. Qb1 Kf7 51. Rc1 Kg7 52. Rh1 Qf7 53. Rcc1 Rh8 54. Qc2 Qd7 55. Qc5 Rhc8 56. Rhe1 Kf7 57. Be2 Rd8 58. Bf3 Rdc8 59. Rc2 Qe7 60. Rec1 Qxc5 61. dxc5 Nd7 62. Re1 Nb8 63. Rcc1 Rd7 64. Rcd1 Rcd8 65. Bc1 Na6 66. Rd4 Nac7 67. Red1 Ke8 68. Be2 Kf7 69. Rh1 Kg7 70. Ke1 Rh8 71. Bf3 Rhd8 72. Bd2 Rh8 73. Rd3 Rhd8 74. Rd4 Ne8 75. Bc1 Nec7 76. Rh2 Ne8 77. Bb2 Nec7 78. Rhd2 Kf7 79. Kf2 Kg7 80. R4d3 Kf7 81. Bd4 Kg7 82. Be3 Kf7 83. Bg2 Kg7 84. Rd1 Kf7 85. Bc1 Kg7 86. g4 hxg4 87. Kg3 Rh8 88. Rh1 Rh5 89. Rdd1 Kf7 90. Bd2 Rd8 91. Bc1 Rdh8 92. Bd2 Ke7 93. Bc1 Kf7 94. Bd2 R8h7 95. Bc1 Rh8 1/2-1/2

[Event "January 9 Early 2024"]
[Site "https://www.chess.com"]
[Date "2024.01.11"]
[Round "6"]
[White "Pranesh M"]
[Black "Samunenkov, Ihor"]
[Result "1/2-1/2"]
[Board "277"]
[TimeControl "180+1"]
[WhiteFideId "35028600"]
[BlackFideId "14187086"]
[WhiteElo "2941"]
[BlackElo "2777"]
[WhiteTeam "IND"]
[BlackTeam "UKR"]
[WhiteClock "0:00:05"]
[BlackClock "0:00:10"]

1. e4 e5 2. Nf3 Nf6 3. Nc3 Nc6 4. d4 exd4 5. Nd5 Be7 6. Bc4 O-O 7. O-O d6 8. Nxd4 Nxd4 9. Qxd4 Nxd5 10. Bxd5 Bf6 11. Qd3 c6 12. Bb3 Be6 13. c3 Bxb3 14. axb3 Qe7 15. Bf4 Rfd8 16. Rfe1 a6 17. Rad1 Be5 18. Bc1 d5 19. g3 dxe4 20. Qxe4 Rxd1 21. Rxd1 Re8 22. Be3 g6 23. Kg2 Qe6 24. b4 Kg7 25. Qd3 Bf6 26. Bc5 Rd8 27. Qc2 Rxd1 28. Qxd1 Qe4+ 29. Kg1 h5 30. h4 Qe6 31. Kh2 Be7 32. Qd4+ Kg8 33. Bb6 Bf6 34. Qf4 Be5 35. Qf3 Kg7 36. Qd3 Bf6 37. Bc5 Be7 38. Qd4+ Kg8 39. Bb6 Bf6 40. Qd2 Kg7 41. Qd3 Kg8 42. Qf3 Kg7 43. Qf4 Be5 44. Qd2 Bf6 45. Be3 Kg8 46. Qd3 Kg7 47. Bc5 Be7 48. Be3 Bf6 49. Qd1 Be7 50. Qd2 Bf6 51. Bh6+ Kh7 52. Bf8 Kg8 53. Bc5 Be7 54. Be3 Bf6 55. Kg1 Kg7 56. Bh6+ Kh7 57. Bf4 Kg7 58. Qd3 Be5 59. Be3 Bf6 60. Bc5 Be7 61. Qd4+ Bf6 62. Qd1 Be7 63. Be3 Bf6 64. Qf3 Be7 65. Qf4 Bd6 66. Bd4+ Kg8 67. Qg5 Be7 68. Qf4 Bd6 69. Qf3 Be5 70. Bc5 Bd6 71. Be3 Be5 72. Qd1 Bf6 73. Qd3 Kg7 74. Kh2 Kg8 75. Bc5 Be7 76. Bb6 Bf6 77. Qf3 Kg7 78. Qf4 Be5 79. Qe3 Bf6 80. Qxe6 fxe6 81. Kg2 Kf7 82. Kf3 Bg7 83. Be3 Bf6 84. Ke4 Bg7 85. Bd2 Ke7 86. b3 Kd7 87. c4 Bf8 88. Bc3 Bd6 89. c5 Bf8 90. Bf6 Bh6 91. Bg5 Bg7 92. Bd2 Bf6 93. f3 Ke8 94. Be1 Kd7 95. Bd2 Ke8 96. Kd3 Kd7 97. Ke4 1/2-1/2

[Event "January 9 Early 2024"]
[Site "https://www.chess.com"]
[Date "2024.01.11"]
[Round "6"]
[White "Sierra Vallina, Lionel"]
[Black "Molina, Roberto Junio Brito"]
[Result "1/2-1/2"]
[Board "278"]
[TimeControl "180+1"]
[WhiteFideId "54559774"]
[BlackFideId "2109450"]
[WhiteElo "2633"]
[BlackElo "2801"]
[WhiteTeam "ESP"]
[BlackTeam "BRA"]
[WhiteClock "0:00:06"]
[BlackClock "0:00:17"]

1. e4 c6 2. d4 d5 3. e5 Bf5 4. Bd3 Bxd3 5. Qxd3 e6 6. c3 c5 7. Ne2 Nc6 8. O-O Rc8 9. Nd2 Qb6 10. Nf3 Qa6 11. Qd1 cxd4 12. cxd4 Nge7 13. Ng3 Rc7 14. Be3 Nc8 15. Nh5 Nb6 16. b3 Nd7 17. Ng5 h6 18. Nf3 g6 19. Nf6+ Nxf6 20. exf6 Bd6 21. Qd2 g5 22. h4 g4 23. Nh2 h5 24. Bf4 Bxf4 25. Qxf4 Qb6 26. Rac1 Kd7 27. Rc5 Kc8 28. Rfc1 Kb8 29. Nf1 Ka8 30. Ng3 Rd7 31. Qg5 a6 32. Qg7 Rhd8 33. Nxh5 Nxd4 34. Qxg4 e5 35. Rc8+ Ka7 36. Ng3 Qxf6 37. Rxd8 Rxd8 38. h5 e4 39. Rd1 Rd6 40. Qc8 Nc6 41. Qg4 Qe5 42. Qe2 f5 43. h6 d4 44. h7 Rh6 45. Qc2 Rxh7 46. b4 Nxb4 47. Qc4 Nc6 48. Rb1 Rd7 49. Qb3 Qb5 50. Qxb5 axb5 51. Rxb5 e3 52. Rb1 f4 53. Nf1 d3 54. fxe3 fxe3 55. Nxe3 Nd4 56. Rd1 Ne2+ 57. Kf2 Nc3 58. Rd2 Ne4+ 59. Ke1 Nxd2 60. Kxd2 Kb6 61. g4 Kc5 62. Kc3 Kd6 63. Kxd3 Ke5+ 64. Kc3 Kf4 65. Nc4 Rc7 66. Kb4 Kxg4 67. Kb5 Kf5 68. a4 Ke6 69. a5 Kd7 70. Nb6+ Kd6 71. a6 bxa6+ 72. Kxa6 Kc6 73. Nc4 Kc5 74. Na5 Rc8 75. Kb7 Rh8 76. Kc7 Rh7+ 77. Kc8 Ra7 78. Nb7+ Kb6 79. Nd8 Kc5 80. Nb7+ Kd5 81. Nd8 Kd6 82. Nb7+ Ke5 83. Nd8 Rh7 84. Nb7 Kd5 85. Nd8 Rh8 86. Kd7 Rg8 87. Nb7 Rg7+ 88. Kc8 Kc6 89. Nd8+ Kd6 90. Nb7+ Kd5 91. Nd8 Rh7 92. Nb7 Ke6 93. Nd8+ Ke7 94. Kc7 Ke8+ 95. Kc8 Rh1 96. Nb7 Rc1+ 97. Kb8 Kd7 98. Ka7 Ra1+ 99. Kb6 Rb1+ 100. Ka6 Kc7 101. Na5 Rb6+ 102. Ka7 Rb4 103. Ka6 Rb1 104. Nc4 Rb4 105. Na5 Rb8 106. Nc4 Kc6 107. Na5+ Kc5 108. Nb7+ Kc6 109. Na5+ Kc7 110. Nc4 Rb1 111. Na5 Rb6+ 112. Ka7 Rh6 113. Nc4 Rh4 114. Na5 Rh6 115. Nc4 Rg6 116. Na5 Rf6 117. Nc4 Rf1 118. Ka6 Rc1 119. Kb5 Kd7 120. Kc5 Ke6 121. Kd4 Ra1 122. Kc5 1/2-1/2

[Event "January 9 Early 2024"]
[Site "https://www.chess.com"]
[Date "2024.01.11"]
[Round "6"]
[White "Carow, Johannes"]
[Black "Balla, Tamas-Kristof"]
[Result "1-0"]
[Board "279"]
[TimeControl "180+1"]
[WhiteFideId "24692050"]
[BlackFideId "1208497"]
[WhiteElo "2713"]
[BlackElo "2476"]
[WhiteTeam "GER"]
[BlackTeam "ROU"]
[WhiteClock "0:00:09"]
[BlackClock "0:00:11"]

1. d4 d5 2. Nf3 Nf6 3. g3 c5 4. Bg2 Nc6 5. O-O e6 6. dxc5 Bxc5 7. c4 O-O 8. cxd5 exd5 9. b3 Re8 10. Bb2 d4 11. Nbd2 Bg4 12. Rc1 Bb6 13. Nc4 Qe7 14. Re1 Rad8 15. Nxb6 axb6 16. Qd2 Ne4 17. Qf4 Bh5 18. Qf5 Bg6 19. Qb5 Nf6 20. Qxb6 Nd5 21. Qb5 Be4 22. Red1 Nc3 23. Bxc3 dxc3 24. Qc4 c2 25. Re1 Nb4 26. a3 Na2 27. Rxc2 Bxc2 28. Qxc2 Qxa3 29. Ra1 Nb4 30. Qb1 Na2 31. Rxa2 Qc5 32. Ra1 Rxe2 33. Qf1 Rc2 34. Re1 Rc8 35. Ne5 h6 36. Nc4 Rc3 37. Ne3 Rxb3 38. Be4 Rc3 39. Qg2 b5 40. Rf1 b4 41. Qf3 Rc1 42. Nf5 Rxf1+ 43. Kxf1 b3 44. Qxb3 Qc1+ 45. Kg2 Qc5 46. Qf3 Qe5 47. Ne3 Re8 48. Bb1 Qe6 49. Nf5 Qf6 50. Qg4 Re5 51. Ne3 Re8 52. Be4 Qe5 53. Bf3 Qf6 54. h4 Re7 55. h5 Re8 56. Qd7 Rd8 57. Qc7 Re8 58. Ng4 Qg5 59. Ne3 Qf6 60. Qc2 Qg5 61. Qd3 Qf6 62. Bd1 Rd8 63. Qe4 Rf8 64. Bc2 g6 65. hxg6 fxg6 66. Qxg6+ Qxg6 67. Bxg6 Kg7 68. Bh5 Ra8 69. Bf3 Rf8 70. Be4 Rb8 71. f4 Kf6 72. Kf3 Re8 73. Nd5+ Kg7 74. g4 Rb8 75. f5 Rb3+ 76. Kf4 Rb8 77. Nc7 Kf7 78. Ne6 Rb1 79. Nd4 Rb4 80. Nf3 Rb8 81. Nh4 Kf6 82. Ng2 Rb4 83. Ne3 Ra4 84. Nd5+ Kf7 85. Ke5 Ra7 86. Bf3 Ra3 87. Be2 Ra1 88. Bc4 Re1+ 89. Kf4 Kg7 90. Nc7 Rc1 91. Ne6+ Kf6 92. Bd5 Rd1 93. Bf3 Ra1 94. Nc5 Rc1 95. Ne4+ Kg7 96. g5 hxg5+ 97. Kxg5 Rc4 98. f6+ Kf8 99. Kg6 Rc1 100. Ng5 Rg1 101. Bd5 Rg3 102. Kf5 Rg1 103. Nh7+ Ke8 104. f7+ Kd7 105. f8=Q Rf1+ 106. Ke5 Rxf8 107. Nxf8+ Ke7 108. Ne6 Kf7 109. Be4 Ke7 110. Nd4 Kf7 111. Bf5 Kg7 112. Ke6 Kh6 113. Kf6 Kh5 114. Nf3 Kh6 115. Bg4 Kh7 116. Ne5 Kh8 117. Nf7+ Kg8 118. Bf5 Kf8 119. Bh7 Ke8 120. Ne5 Kd8 121. Ke6 Kc7 122. Nd7 Kc6 123. Bd3 Kb7 124. Kd6 Ka7 125. Kc6 Ka8 126. Kc7 Ka7 127. Bc4 Ka8 128. Nb6+ Ka7 129. Nc8+ Ka8 130. Bd5# 1-0

[Event "January 9 Early 2024"]
[Site "https://www.chess.com"]
[Date "2024.01.11"]
[Round "7"]
[White "Manon-og, Ramon Jr."]
[Black "Bodnaruk, Anastasia"]
[Result "0-1"]
[Board "1"]
[TimeControl "180+1"]
[WhiteFideId "5200776"]
[BlackFideId "4181751"]
[WhiteElo "2368"]
[BlackElo "2557"]
[WhiteTeam "PHI"]
[BlackTeam "RUS"]
[WhiteClock "0:02:54"]
[BlackClock "0:02:51"]

1. e4 c5 2. Nf3 d6 3. Bb5+ Bd7 4. Bxd7+ Qxd7 5. c4 Nf6 6. Nc3 Nc6 7. d4 cxd4 8. Nxd4 g6 9. O-O Bg7 10. Be3 Ng4 11. Qxg4 Qxg4 0-1

[Event "January 9 Early 2024"]
[Site "https://www.chess.com"]
[Date "2024.01.11"]
[Round "7"]
[White "Travkina, Anastasia"]
[Black "Fernandez Siles, Luis"]
[Result "1-0"]
[Board "2"]
[TimeControl "180+1"]
[WhiteFideId "24129151"]
[BlackFideId "2209420"]
[WhiteElo "2437"]
[BlackElo "2278"]
[WhiteTeam "RUS"]
[BlackTeam "ESP"]
[WhiteClock "0:02:43"]
[BlackClock "0:01:57"]

1. e4 c5 2. Nf3 Nc6 3. d4 cxd4 4. Nxd4 Nf6 5. Nc3 e5 6. Ndb5 d6 7. Bg5 a6 8. Na3 b5 9. Nd5 Be7 10. Bxf6 Bxf6 11. c4 b4 12. Nc2 a5 13. Qf3 Bg5 14. h4 Bh6 15. Rd1 Be6 16. c5 dxc5 17. g4 g6 18. Nf6+ 1-0

[Event "January 9 Early 2024"]
[Site "https://www.chess.com"]
[Date "2024.01.11"]
[Round "7"]
[White "Garbarino, Rodolfo"]
[Black "Vila Dupla, Aurelio"]
[Result "1-0"]
[Board "6"]
[TimeControl "180+1"]
[WhiteFideId "100412"]
[BlackFideId "2203383"]
[WhiteElo "2367"]
[BlackElo "2169"]
[WhiteTeam "ARG"]
[BlackTeam "ESP"]
[WhiteClock "0:02:19"]
[BlackClock "0:01:08"]

1. e4 c5 2. Nc3 d6 3. f4 g6 4. Nf3 Bg7 5. Bc4 Nc6 6. d3 e6 7. O-O Nge7 8. f5 gxf5 9. Qe1 a6 10. a4 Rb8 11. Bg5 Qc7 12. exf5 Ne5 13. f6 1-0

[Event "January 9 Early 2024"]
[Site "https://www.chess.com"]
[Date "2024.01.11"]
[Round "7"]
[White "Wu, Derek"]
[Black "Spitzl, Vinzent"]
[Result "1-0"]
[Board "7"]
[TimeControl "180+1"]
[WhiteFideId "30914558"]
[BlackFideId "12901253"]
[WhiteElo "2667"]
[BlackElo "2454"]
[WhiteTeam "USA"]
[BlackTeam "GER"]
[WhiteClock "0:02:13"]
[BlackClock "0:01:27"]

1. e4 d5 2. exd5 Qxd5 3. Nc3 Qd8 4. d4 Nf6 5. Nf3 g6 6. Bc4 Bg7 7. h3 a6 8. a4 Nc6 9. O-O O-O 10. Re1 b6 11. Bg5 Bb7 12. Qd2 Nb4 13. Ne5 c5 14. d5 Nbxd5 15. Rad1 Nxc3 16. Qxc3 Qc8 17. Qb3 e6 18. Nxf7 Nd5 19. Nd6 Qc6 20. Nxb7 Qxb7 21. Rxe6 Qf7 22. Bxd5 Qxf2+ 23. Kh1 1-0

[Event "January 9 Early 2024"]
[Site "https://www.chess.com"]
[Date "2024.01.11"]
[Round "7"]
[White "Filgueira, Hernan"]
[Black "Murthy, Pappu"]
[Result "1-0"]
[Board "9"]
[TimeControl "180+1"]
[WhiteFideId "101770"]
[BlackFideId "2013401"]
[WhiteElo "2550"]
[BlackElo "1909"]
[WhiteTeam "ARG"]
[BlackTeam "USA"]
[WhiteClock "0:02:14"]
[BlackClock "0:01:07"]

1. d4 Nf6 2. Nf3 d5 3. c4 e6 4. Nc3 Bb4 5. e3 O-O 6. Bd3 dxc4 7. Bxc4 Nc6 8. O-O Qe7 9. Qe2 Rd8 10. Rd1 Bxc3 11. bxc3 Na5 12. Bd3 b6 13. e4 h6 14. c4 c5 15. e5 Nd7 16. Qe4 Nf8 17. Qxa8 Bb7 18. Qxa7 Ra8 19. Qxb6 Bxf3 20. gxf3 cxd4 21. Qxd4 Rd8 22. Qxd8 1-0